 Dungeon Crawl Stone Soup version 0.26-a0-651-gb41185065b (webtiles) character file.

Game seed: 5294769917236146139

272 loralnil the Insei (level 6, -2/51 HPs)
             Began as a Draconian Transmuter on Oct 21, 2020.
             Slain by a phantom (3 damage)
             ... on level 4 of the Dungeon.
             The game lasted 00:06:04 (3841 turns).

loralnil the Insei (Draconian Transmuter)           Turns: 3841, Time: 00:06:04

Health: -2/51      AC:  6    Str: 12    XL:     6   Next: 2%
Magic:  16/19      EV: 13    Int: 13    God:
Gold:   243        SH:  0    Dex: 14    Spells: 5/11 levels left

rFire    . . .     SeeInvis .     - Unarmed
rCold    . . .     Faith    .   (no shield)
rNeg     . . .     Spirit   .   (armour unavailable)
rPois    .         Reflect  .   (helmet currently unavailable)
rElec    .         Harm     .   (no cloak)
rCorr    .         Rampage  .   (no gloves)
MR       .....                  (boots currently unavailable)
Stlth    ++........             (no amulet)
HPRegen  0.17/turn              i - ring of magical power
MPRegen  0.16/turn              m - ring of stealth

@: lethally poisoned (-2 -> -7), appendages
A: unfitting armour, horns 2, talons 2, cold-blooded, AC +6
a: End Transformation


You were on level 4 of the Dungeon.
You had grown temporary horns.
You had grown temporary talons.
You visited 1 branch of the dungeon, and saw 4 of its levels.

You collected 243 gold pieces.

Inventory:

Jewellery
 i - a ring of magical power (left hand)
 m - a ring of stealth (right hand)
Wands
 n - a wand of polymorph (6)
 p - a wand of digging (4)
Scrolls
 a - 2 scrolls of amnesia
 b - a scroll of enchant armour {unknown}
 f - 2 scrolls of remove curse {unknown}
 h - 2 scrolls of teleportation {unknown}
 j - 2 scrolls of immolation
 k - a scroll of noise {unknown}
Potions
 d - 2 potions of curing
 g - a potion of lignification {unknown}
 l - a potion of heal wounds {unknown}
 o - a potion of haste {unknown}


   Skills:
 + Level 3.0 Fighting
 + Level 2.9 Dodging
 + Level 4.0 Unarmed Combat
 + Level 3.1 Spellcasting
 + Level 3.3 Transmutations


You had 5 spell levels left.
You knew the following spells:

 Your Spells              Type           Power        Failure   Level
a - Beastly Appendage     Tmut           ##....       6%          1
b - Wereblood             Tmut           ##......     9%          2
c - Spider Form           Tmut/Pois      #.........   34%         3

Your spell library contained the following spells:

 Spells                   Type           Power        Failure   Level
 Ice Form                 Ice/Tmut       #.......     75%         4
 Blade Hands              Tmut           ##........   85%         5


Dungeon Overview and Level Annotations

Branches:
Dungeon (4/15)
 Temple: D:4-7

Altars:
Uskayaw
Zin
The Shining One

Annotations:
D:3 1 runed translucent door, Nebesus's ghost, novice HuFi


Innate Abilities, Weirdness & Mutations

Your plain brown scales are hard. (AC +6)
You cannot fit into any form of body armour.
You are cold-blooded and may be slowed by cold attacks.
You have a pair of horns on your head.
You have razor-sharp toenails.


Message History

The adder is almost dead.
Your transformation is almost over.
You feel sick. The adder bites you. The phantom hits you.
* * * LOW HITPOINT WARNING * * *
The adder closely misses you.
Casting: Beastly Appendage (safe; 6% risk of failure)
Confirm with . or Enter, or press ? or * to list all spells.
You extend your transformation's duration.
You feel sick. The phantom hits you!
* * * LOW HITPOINT WARNING * * *
The adder barely misses you.
You barely miss the adder. You claw the adder.
You kill the adder!
Your Unarmed Combat skill increases to level 4!
You have reached level 6!
Your experience leads to an increase in your attributes!
Increase (S)trength, (I)ntelligence, or (D)exterity?
You feel agile.
Your scales feel tougher.
The phantom hits you.
You die...

# ###### ####### #?....
#......
#.....###########......
#......................
##.................#.#.#
........................
......W......$.....#.#.#
.......@................
...##..............#.#.#
#...................
#.............##...#
#...###......###...#
#...# #......# #####
#...# #......# #...#
###.#### ##### ......


You could see a phantom.

Vanquished Creatures
  A hound (D:4)
  2 orc priests (D:4)
  An orc wizard (D:4)
  A worker ant (D:4)
  6 adders
  An ooze (D:1)
  4 worms
  A leopard gecko (D:1)
  5 orcs
  A giant cockroach (D:3)
  6 goblins
  8 hobgoblins
  2 jackals (D:1)
  6 kobolds
  2 quokkas
  4 bats
  6 frilled lizards
  A quokka skeleton (D:4)
  6 rats
64 creatures vanquished.

Notes
Turn   | Place    | Note
-------+----------+-------------------------------------------
     0 | D:1      | loralnil the Draconian Transmuter began the quest for the
                  | Orb.
     0 | D:1      | Reached XP level 1. HP: 16/16 MP: 3/3
   197 | D:1      | Reached XP level 2. HP: 16/23 MP: 3/5
   201 | D:1      | Learned a level 2 spell: Wereblood
   968 | D:1      | Reached XP level 3. HP: 29/29 MP: 4/6
   973 | D:1      | Learned a level 3 spell: Spider Form
  2017 | D:2      | Reached XP level 4. HP: 36/36 MP: 7/7
  2259 | D:3      | Found a glowing golden altar of the Shining One.
  2299 | D:3      | Found a glowing silver altar of Zin.
  2755 | D:3      | Found a hide-covered altar of Uskayaw.
  2755 | D:3      | Noticed a +0 dagger
  2756 | D:3      | Noticed a +0 hand axe
  2822 | D:3      | Found a runed translucent door.
  2822 | D:3      | Noticed Nebesus's ghost (novice HuFi)
  3277 | D:4      | Reached XP level 5. HP: 42/42 MP: 9/9
  3806 | D:4      | Noticed a phantom
  3840 | D:4      | HP: 1/45 [phantom (10)]
  3841 | D:4      | Reached skill level 4 in Unarmed Combat
  3841 | D:4      | Reached XP level 6. HP: 1/51 MP: 10/10
  3841 | D:4      | Slain by a phantom

Illustrated notes

Levels and vault maps discovered:
D:1:      elethiomel_arrival_infinity_welcomes_careful_drivers, layout_rooms,
          chequers_serial_rivers_small_a, minmay_close_crescents
D:2:      layout_loops_ring
D:3:      layout_rooms, dancing_weapons_uskayaw, grunt_temple_overflow_open,
          ebering_ghost_inner_flame
D:4:      layout_basic, nicolae_dithmenos_through_a_glass_darkly, serial_glass,
          glass_columns_b, glass_columns_c, glass_columns_c, glass_columns_b,
          glass_columns_c, glass_columns_a, makhleb_heckhound_becter

Skill      XL: |  1  2  3  4  5 |
---------------+----------------+-----
Dodging        | 2 |  2.9
Fighting       | 2 3 |  3.0
Transmutations | 3 |  3.3
Spellcasting   | 3 |  3.1
Unarmed Combat | 4 |  4.0

Action                   |  1- 3 |  4- 6 || total
-------------------------+-------+-------++-------
Melee: Unarmed           |   111 |   108 ||   219
       Headbutt          |    15 |    12 ||    27
       Tailslap          |    12 |     6 ||    18
       Kick              |    19 |    25 ||    44
       Punch             |     1 |       ||     1
 Cast: Beastly Appendage |    28 |    19 ||    47
       Wereblood         |     1 |     2 ||     3
  Use: Scroll            |       |     6 ||     6
 Stab: Sleeping          |       |     2 ||     2
Armor: Skin              |    29 |    39 ||    68
Dodge: Dodged            |    62 |    71 ||   133

Table legend: (Time is in decaauts)
 A = Elapsed time spent in this place.
 B = Non-inter-level travel time spent in this place.
 C = Inter-level travel time spent in this place.
 D = Time resting spent in this place.
 E = Time spent auto-exploring this place.
 F = Levels seen in this place.
 G = Mean time per level.
                   A        B        C        D        E       F      G
               +--------+--------+--------+--------+--------+-----+--------+
         Total |   3828 |   3708 |    120 |    542 |   2670 |   4 |  957.0 |
       Dungeon |   3828 |   3708 |    120 |    542 |   2670 |   4 |  957.0 |
               +--------+--------+--------+--------+--------+-----+--------+

Top non-repeatable levels by time:
     D:1: 1193 daAuts
     D:3: 1028 daAuts
     D:2: 1017 daAuts
     D:4: 589 daAuts
